 Dungeon Crawl Stone Soup version 0.31-a0-1610-g9787180 (webtiles) character file.

Game seed: 17137711143683414015

11 msghost the Apothecary (level 2, 15/15 HPs)
             Began as a Deep Elf Alchemist on Jan 7, 2024.
             Quit the game on level 1 of the Dungeon on Jan 8, 2024.
             The game lasted 00:11:04 (825 turns).

msghost the Apothecary (Deep Elf Alchemist)          Turns: 825, Time: 00:11:04

Health: 15/15      AC:  5    Str: 11    XL:     2   Next: 17%
Magic:  8/8        EV: 11    Int: 19    God:
Gold:   13         SH:  0    Dex: 15    Spells: 6/7 levels left

rFire   . . .        l - +0 club
rCold   . . .        (no shield)
rNeg    . . .        d - +0 ring mail
rPois   .            (no helmet)
rElec   .            (no cloak)
rCorr   .            (no gloves)
SInv    .            (no boots)
Will    .....        (no amulet)
Stlth   +            f - +6 ring of strength
HPRegen 0.22/turn    (no ring)
MPRegen 0.11/turn

%: no passive effects
@: no status effects
A: no striking features
a: no special abilities


You were on level 1 of the Dungeon.
You visited 1 branch of the dungeon, and saw 1 of its levels.

You collected 13 gold pieces.

Inventory:

Hand Weapons
 l - a +0 club (weapon)
Missiles
 m - 12 stones
Armour
 a - a +0 robe
 d - a +0 ring mail (worn)
 j - a +0 ring mail
Jewellery
 f - a +6 ring of strength (left hand)
Scrolls
 c - a scroll of revelation {unknown}
 g - a scroll of identify {unknown}
 i - a scroll of poison {unknown}
 k - a scroll of blinking {unknown}
 n - a scroll of teleportation {unknown}
 o - a scroll of fog {unknown}
 p - a scroll of vulnerability {unknown}
Potions
 b - a potion of magic
 e - a potion of mutation {unknown}
 h - a potion of curing {unknown}


   Skills:
 + Level 2.7 Dodging
 + Level 2.4 Stealth
 + Level 0.7 Unarmed Combat
 + Level 3.0 Spellcasting
 + Level 1.1 Conjurations
 + Level 3.5 Alchemy


You had 6 spell levels left.
You knew the following spells:

 Your Spells              Type           Power      Damage    Failure   Level
a - Sting                 Conj/Alch      44%        1d5       14%         1

Your spell library contained the following spells:

 Spells                   Type           Power      Damage    Failure   Level
 Mercury Vapours          Alch/Air       18%        N/A       26%         2
 Mephitic Cloud           Conj/Alch/Air  8%         N/A       52%         3
 Olgreb's Toxic Radiance  Alch           16%        N/A       63%         4
 Fugue of the Fallen      Necr           2%         N/A       73%         3
 Sticky Flame             Fire/Alch      9%         2d5       87%         4
 Anguish                  Hex/Necr       1%         N/A       98%         4
 Death Channel            Necr           1%         N/A       100%        6


Dungeon Overview and Level Annotations

Branches:
Dungeon (1/15)

Altars:

Shops:
D:1 (


Message History

The frilled lizard barely misses you. The frilled lizard closely misses you.
The frilled lizard barely misses you.
The frilled lizard bites you but does no damage.
The frilled lizard closely misses you. The frilled lizard closely misses you.
The frilled lizard bites you. The frilled lizard bites you.
The frilled lizard barely misses you. The frilled lizard closely misses you.
The frilled lizard barely misses you. The frilled lizard bites you.
The frilled lizard barely misses you.
The frilled lizard bites you but does no damage.
The frilled lizard bites you but does no damage.
The frilled lizard bites you but does no damage.
The frilled lizard closely misses you. The frilled lizard barely misses you.
The frilled lizard bites you but does no damage.
The frilled lizard barely misses you. The frilled lizard barely misses you.
The frilled lizard bites you but does no damage.
The frilled lizard bites you but does no damage.
The frilled lizard bites you but does no damage.
The frilled lizard closely misses you.
The frilled lizard bites you but does no damage.
The frilled lizard misses you.
The frilled lizard bites you but does no damage.
The frilled lizard completely misses you.
The frilled lizard closely misses you. The frilled lizard misses you.
The frilled lizard barely misses you. The frilled lizard closely misses you.
The frilled lizard misses you.
The frilled lizard bites you but does no damage.
Char dumped successfully.
Char dumped successfully.
Char dumped successfully.
Char dumped successfully.
Are you sure you want to abandon this character and quit the game? (Confirm with "yes".)

######## # #######......####
#...####...............#
#.......l@.....####.##.##
#...####.####### #.#...## # #.#
#....... ## #.# ###...## # ..
..# ###.## ##.###.##########
#...### #...............#
#...... ###..##..##.......#
####...###
.................#####.........


You could see a frilled lizard.

Vanquished Creatures
  A dart slug (D:1)
  2 ball pythons (D:1)
  An endoplasm (D:1)
  A goblin (D:1)
  A kobold (D:1)
  A frilled lizard (D:1)
  3 rats (D:1)
10 creatures vanquished.

Notes
Turn   | Place    | Note
-------+----------+-------------------------------------------
     0 | D:1      | msghost the Deep Elf Alchemist began the quest for the Orb.
     0 | D:1      | Reached XP level 1. HP: 10/10 MP: 6/6
   104 | D:1      | Found Lykus's Antique Weapon Boutique.
   393 | D:1      | Got the Encyclopedia of the Charnel House
   418 | D:1      | Upgraded the game from 0.31-a0-1603-gbec6b6c to
                  | 0.31-a0-1610-g9787180
   606 | D:1      | Reached XP level 2. HP: 2/15 MP: 8/8
   825 | D:1      | Quit the game

Illustrated notes

Levels and vault maps discovered:
D:1:      dreamdust_arrival_sigmund_warning, layout_loops_ring, serial_shops,
          shop, minmay_small_reverse_x

Action                     || total
---------------------------++-------
  Melee: Unarmed           ||    26
         Club              ||    16
   Stab: Sleeping          ||     3
 Armour: Ring mail         ||    88
  Dodge: Dodged            ||   119

Table legend: (Time is in decaauts)
 A = Elapsed time spent in this place.
 B = Non-inter-level travel time spent in this place.
 C = Inter-level travel time spent in this place.
 D = Time resting spent in this place.
 E = Time spent auto-exploring this place.
 F = Levels seen in this place.
 G = Mean time per level.
                   A        B        C        D        E       F      G
               +--------+--------+--------+--------+--------+-----+--------+
         Total |    828 |    521 |    307 |     95 |      0 |   1 |  828.0 |
       Dungeon |    828 |    521 |    307 |     95 |      0 |   1 |  828.0 |
               +--------+--------+--------+--------+--------+-----+--------+

Top non-repeatable levels by time:
     D:1: 828 daAuts
